 Dungeon Crawl Stone Soup version 0.31-a0-848-gaac375c287 (webtiles) character file.

Game seed: 12971196533699843817

44 Maratek the Ducker (level 3, -3/26 HPs)
             Began as an Octopode Fighter on Oct 4, 2023.
             Was an Initiate of Gozag.
             Slain by Terence
             ... wielding a +2 heavy flail
              (14 damage)
             ... on level 2 of the Dungeon.
             The game lasted 00:01:25 (1018 turns).

Maratek the Ducker (Octopode Fighter)               Turns: 1018, Time: 00:01:25

Health: -3/26      AC:  1    Str: 17    XL:     3   Next: 62%
Magic:  3/3        EV: 13    Int: 10    God:    Gozag
Gold:   200        SH:  4    Dex: 11    Spells: 2/2 levels left

rFire   . . .        a - +0 war axe
rCold   . . .        b - +0 buckler
rNeg    . . .        (helmet restricted)
rPois   .            (no amulet)
rElec   .            d - ring of resist corrosion
rCorr   +            (no ring)
SInv    .            (no ring)
Will    .....        (no ring)
Stlth   +++          (no ring)
HPRegen 0.24/turn    (no ring)
MPRegen 0.08/turn    (no ring)
                     (no ring)

%: no passive effects
@: no status effects
A: almost no armour, amphibious, 8 rings, camouflage 1, gelatinous body 1,
(nimble swimmer 1), tentacles
a: Renounce Religion, Potion Petition, Call Merchant, Bribe Branch


You were on level 2 of the Dungeon.
You worshipped Gozag.
Gozag was aware of your devotion.
You visited 1 branch of the dungeon, and saw 2 of its levels.

You collected 200 gold pieces.

Inventory:

Hand Weapons
 a - a +0 war axe (weapon)
Armour
 b - a +0 buckler (worn)
Jewellery
 d - a ring of resist corrosion (left tentacle)
Scrolls
 g - 3 scrolls of enchant armour {unknown}
 i - a scroll of teleportation {unknown}
 k - a scroll of immolation {unknown}
Potions
 c - a potion of might
 e - a potion of attraction {unknown}
 f - a potion of heal wounds {unknown}
 h - 2 potions of mutation {unknown}
 j - a potion of curing {unknown}


   Skills:
 + Level 3.3 Fighting
 + Level 2.4 Axes
 + Level 3.4 Dodging
 + Level 1.8 Stealth
 + Level 3.2 Shields


You had 2 spell levels left.
You didn't know any spells.
Your spell library contained the following spells:

 Spells                   Type           Power      Damage    Failure   Level
 Static Discharge         Conj/Air       0%         2-2/arc   58%         2
 Airstrike                Air            0%         2d(0-16)  99%         4
 Summon Lightning Spire   Summ/Air       0%         N/A       99%         4
 Haunt                    Necr/Summ      0%         N/A       100%        7
 Infestation              Necr           0%         N/A       100%        8
 Animate Dead             Necr           Unusable   N/A       N/A         4

Dungeon Overview and Level Annotations

Branches:
Dungeon (2/15)

Altars:
Gozag

Shops:
D:1 ?

Annotations:
D:2 Terence


Innate Abilities, Weirdness & Mutations

You cannot wear most types of armour.
You are amphibious.
You can wear up to eight rings at the same time.
Your skin changes colour to match your surroundings (Stealth+).
Your rubbery body absorbs attacks. (AC +1, EV +1)
((You are camouflaged when in or above water. (Stealth+)))
You have tentacles for arms and can constrict up to eight enemies at once.


Message History

You hit the worm.
The worm is no longer distracted by gold.
You grab the worm. You squeeze the worm, but do no damage.
The worm is moderately wounded.
You constrict the worm. The worm misses you.
You hit the worm.
The worm is heavily wounded.
You constrict the worm. The worm bites you.
You hit the worm. You squeeze the worm.
You kill the worm!
No target in view!
HP restored.
You now have 195 gold pieces (gained 5).
You now have 200 gold pieces (gained 5).
Terence the Incautious comes into view.
He is wielding a +2 heavy flail and carrying a wand of flame.
Terence is nearby!
Terence is nearby!
Terence is nearby!
Found a whip.
The helpless Terence fails to defend himself.
You hit Terence but do no damage. You grab Terence.
You squeeze Terence, but do no damage.
You constrict Terence, but do no damage.
Terence misses you.
You hit Terence but do no damage. You squeeze Terence.
Terence is moderately wounded.
You constrict Terence. Terence hits you with a +2 heavy flail.
You hit Terence but do no damage.
Terence is heavily wounded.
You constrict Terence. Terence hits you with a +2 heavy flail!
Ouch! That really hurt!
You are too injured to fight recklessly!
You are too injured to fight recklessly!
You are too injured to fight recklessly!
You hit Terence but do no damage.
Terence is severely wounded.
You constrict Terence. Terence hits you with a +2 heavy flail!
Ouch! That really hurt!
You die...
Your body crumbles into a pile of gold.

### ##.##
######### ##...##
#.......#
##.....###.#####@#
#.............##@#
##(....###.##.##.#
###...## #.# ##.#
.....## #.. ).#
###### ##.# ### .#
######## .#
##...).# ..


You could see Terence.

Vanquished Creatures
  An adder (D:2)
  A worm (D:2)
  A dart slug (D:1)
  3 bats
  An endoplasm (D:2)
  3 giant cockroaches
  3 goblins (D:1)
  3 hobgoblins (D:1)
  A quokka (D:1)
  4 ball pythons (D:1)
  2 frilled lizards
  4 kobolds
  2 rats
29 creatures vanquished.

Notes
Turn   | Place    | Note
-------+----------+-------------------------------------------
     0 | D:1      | Maratek the Octopode Fighter began the quest for the Orb.
     0 | D:1      | Reached XP level 1. HP: 16/16 MP: 1/1
    61 | D:1      | Found Musaes's Magic Scroll Shoppe.
    99 | D:1      | Reached XP level 2. HP: 21/21 MP: 2/2
   167 | D:1      | Found a faded altar of an unknown god.
   191 | D:1      | Prayed at the altar of an unknown god.
   191 | D:1      | Became a worshipper of Gozag Ym Sagoz the Greedy
   433 | D:1      | Reached skill level 1 in Stealth
   486 | D:1      | Reached XP level 3. HP: 22/26 MP: 3/3
  1013 | D:2      | Noticed Terence
  1018 | D:2      | Slain by Terence

Illustrated notes

Levels and vault maps discovered:
D:1:      amcnicky_arrival_double_pillar, layout_basic, serial_shops, shop,
          shapermc_ecumenical_altar_totnotflames, serial_bayou_pond_c
D:2:      layout_loops_cross, serial_bayou_lake_a, uniq_terence

Skill      XL: |  1  2 |
---------------+-------+-----
Stealth        | 1 |  1.8
Fighting       | |  3.3
Axes           | |  2.4
Dodging        | |  3.4
Shields        | |  3.2

Action                     || total
---------------------------++-------
  Melee: War axe           ||    53
         Constrict         ||    14
         Tentacles         ||    11
   Stab: Sleeping          ||    13
 Armour: Skin              ||    13
  Dodge: Dodged            ||    25
  Block: Buckler           ||     7

Table legend: (Time is in decaauts)
 A = Elapsed time spent in this place.
 B = Non-inter-level travel time spent in this place.
 C = Inter-level travel time spent in this place.
 D = Time resting spent in this place.
 E = Time spent auto-exploring this place.
 F = Levels seen in this place.
 G = Mean time per level.
                   A        B        C        D        E       F      G
               +--------+--------+--------+--------+--------+-----+--------+
         Total |   1039 |   1008 |     31 |      0 |    808 |   2 |  519.5 |
       Dungeon |   1039 |   1008 |     31 |      0 |    808 |   2 |  519.5 |
               +--------+--------+--------+--------+--------+-----+--------+

Top non-repeatable levels by time:
     D:1: 913 daAuts
     D:2: 126 daAuts
